 Dungeon Crawl Stone Soup version 0.26-a0-652-gafc20e3620 (console) character file.

Game seed: 1821788467368133122

237972 jejorda2 the Minotaur Blade (level 18, -7/173 HPs)
             Began as a Minotaur Berserker on Oct 2, 2020.
             Was the Champion of Trog.
             Mangled by a spark wasp (21 damage)
             ... on level 4 of the Spider Nest on Oct 4, 2020.
             The game lasted 02:05:14 (31444 turns).

jejorda2 the Minotaur Blade (Minotaur Berserker)   Turns: 31444, Time: 02:05:14

Health: -7/173     AC: 30    Str: 24    XL:     18   Next: 98%
Magic:  3/17       EV: 16    Int:  4    God:    Trog [******]
Gold:   3416       SH:  0    Dex: 13    Spells: 17/17 levels left

rFire    + . .     SeeInvis +   a - +10 triple sword {vorpal, +Fly SInv}
rCold    + + +     Faith    .   (shield currently unavailable)
rNeg     . . .     Spirit   .   J - +9 ice dragon scales "Pigg" {rElec rF- rC++ Str-3 Slay+3}
rPois    +         Reflect  .   P - +0 hat of the Hanged Man {*Slow rElec rPois SInv}
rElec    +         Harm     .   k - scarf {rC+ rF+}
rCorr    .         Rampage  .   A - +2 pair of gloves
MR       ++...                  R - +2 pair of boots {run}
Stlth    ..........             y - amulet of regeneration
HPRegen  0.78/turn              i - ring of protection from fire
MPRegen  0.15/turn              q - ring of protection from magic

@: lethally poisoned (-7 -> -8), berserk cooldown, flying (expiring), slowed,
very slow
A: retaliatory headbutt, horns 2
}: 1/15 runes: decaying
a: Berserk, Trog's Hand, Brothers in Arms, Renounce Religion, Stop Flying


You were on level 4 of the Spider Nest.
You worshipped Trog.
Trog was exalted by your worship.
You visited 5 branches of the dungeon, and saw 31 of its levels.
You also visited: Ossuary, Ice Cave and Volcano.

You collected 4144 gold pieces.
You spent 728 gold pieces at shops.

Inventory:

Hand Weapons
 a - the +10 triple sword of the Hidden Vale (weapon) {vorpal, +Fly SInv}
   (Trog gifted it to you on level 3 of the Lair of Beasts)

   It inflicts extra damage upon your enemies.
   It lets you see invisible.
   It lets you fly.
 b - a +0 longbow
 w - the +2 triple sword of Dedukous {flame, +Inv MR+ Int-2 Stlth+}
   (Trog gifted it to you on level 11 of the Dungeon)

   It has been specially enchanted to burn those struck by it, causing extra
   injury to most foes and up to half again as much damage against particularly
   susceptible opponents.
   Big, fiery blades are also staple armaments of hydra-hunters.
   It affects your intelligence (-2).
   It affects your resistance to hostile enchantments.
   It lets you turn invisible.
   It makes you more stealthy.
Missiles
 f - 696 arrows
Armour
 k - a scarf of resistance (worn)
 A - a +2 pair of gloves (worn)
 J - the +9 ice dragon scales "Pigg" (worn) {rElec rF- rC++ Str-3 Slay+3}
   (You found it in an ice cave)

   It affects your strength (-3).
   It affects your accuracy and damage with ranged weapons and melee attacks
   (+3).
   It makes you vulnerable to fire.
   It greatly protects you from cold.
   It insulates you from electricity.
 P - the +0 hat of the Hanged Man (worn) {*Slow rElec rPois SInv}
   (You found it on level 14 of the Dungeon)

   It insulates you from electricity.
   It protects you from poison.
   It lets you see invisible.
   It may slow you when you take damage.
 R - a +2 pair of boots of running (worn)
Jewellery
 i - a ring of protection from fire (left hand)
 l - an uncursed ring of poison resistance
 q - a ring of protection from magic (right hand)
 u - an uncursed ring of positive energy
 y - an amulet of regeneration (around neck)
Wands
 v - a wand of paralysis (15)
 B - a wand of disintegration (27)
 D - a wand of polymorph (45)
 H - a wand of random effects (103)
 L - a wand of enslavement (15)
 M - a wand of acid (14)
 S - a wand of iceblast (8)
Scrolls
 d - 22 scrolls of identify
 e - 5 scrolls of blinking
 g - 7 scrolls of remove curse
 j - 14 scrolls of teleportation
 m - a scroll of silence
 s - 4 scrolls of magic mapping
 C - 3 scrolls of fog
 I - 3 scrolls of enchant weapon
 K - 4 scrolls of immolation
 N - a scroll of holy word
 Q - 2 scrolls of fear
Potions
 c - 7 potions of lignification
 h - 16 potions of curing
 n - 12 potions of heal wounds
 o - 3 potions of haste
 p - 2 potions of flight
 r - 10 potions of might
 t - 6 potions of stabbing
 x - 4 potions of ambrosia
 z - 6 potions of mutation
 E - 6 potions of resistance
 F - 6 potions of cancellation
Miscellaneous
 G - a tin of tremorstones (3/3)
 O - a phial of floods (inert)


   Skills:
 - Level 18.7 Fighting
 - Level 24.1 Long Blades
 * Level 17.6 Bows
 - Level 12.1 Armour
 - Level 10.8 Dodging
 - Level 8.0 Evocations


You had 17 spell levels left.
You didn't know any spells.
Your spell library was empty.

Dungeon Overview and Level Annotations

Branches:
Dungeon (15/15)            Temple (0/1) D:5            Lair (6/6) D:8
  Swamp (4/4) Lair:2       Spider (4/4) Lair:3        Slime (0/5) Lair:5
    Orc (2/2) D:12            Elf (0/3) Orc:2        Vaults (0/5) D:13
 Depths (0/5) D:15        Ossuary (visited)           IceCv (visited)
Volcano (visited)

Altars:
Ashenzari
Dithmenos
Elyvilon
Fedhas
Hepliaklqana
Kikubaaqudgha
Okawaru
Qazlal
Ru
Trog
Vehumet
Wu Jian
Xom
Yredelemnul
The Shining One
Beogh
Jiyva

Shops:
D:9 =   Orc:2 ([*[


Innate Abilities, Weirdness & Mutations

You reflexively headbutt those who attack you in melee.
You have a pair of horns on your head.


Message History

You feel sick.
The spark wasp bursts into living lightning!
The living lightning misses you.
The spark wasp blinks!
The orb spider weaves a glowing orb of energy.
An orb of destruction comes into view.
You feel your anger nearly subside.
You are no longer berserk.
You are exhausted.
You feel yourself slow down. The spark wasp barely misses you.
You furiously retaliate!
You headbutt the spark wasp!
You feel sick. The spark wasp misses you. You furiously retaliate!
You headbutt the spark wasp, but do no damage.
The jumping spider leaps!
The orb of destruction hits you!!!
* * * LOW HITPOINT WARNING * * *
The spark wasp completely misses you.
You are starting to lose your buoyancy.
You feel sick.
The spark wasp stings you but does no damage.
The wolf spider hits you but does no damage.
The wolf spider barely misses you. The spark wasp stings you!!
You die...

...^....^#.s...s≈≈
^..........^....≈.#.≈≈≈≈≈ ###
.....^.......(.≈..≈.≈≈≈≈≈
#^.##..............≈s...≈≈≈≈#
##.................†#†..≈≈≈#
#^..............s.†#††..≈≈≈#
#(..............°.≈#...≈≈≈#
#.(............°°.#†...≈≈≈#
#.†<......@s°....#...≈≈≈#
####.......y....≈....≈≈≈###
#..^..............≈≈≈≈≈#
##...........^.^.≈≈≈≈≈≈≈
#...[.........#^^.≈≈≈≈≈
.^#........^.##.....≈≈≈≈
.............^≈^.#...≈≈≈
.......^.........^^.^.≈
..........^#.....^...


You could see a spark wasp, 2 wolf spiders and an orb spider.

Vanquished Creatures
  Mara (Swamp:3)
  Arachne (Spider:2)
  Jorgrun (Spider:3)
  A lich (D:14)
  Kirke (D:15)
  4 thorn hunters
  An orc warlord (Orc:2)
  2 ghost moths
  3 emperor scorpions
  The ghost of Ysuot the Spear-Bearer, a journeyman OpWn of Okawaru (Swamp:2)
  3 entropy weavers
  Azrael (Spider:2)
  An ettin (D:15)
  A death ooze (Lair:3)
  A catoblepas (D:13)
  5 centaur warriors
  21 hydras
  2 ghost crabs
  A shambling mangrove (Swamp:4)
  A vault guard (D:13)
  3 ice dragons
  3 death yaks (D:8)
  An ogre mage (D:10)
  A queen ant (Spider:1)
  A tengu warrior (Swamp:3)
  12 alligators
  An orc high priest (D:15)
  4 spriggans
  Sonja (Lair:6)
  A hell knight (Volcano)
  A skeletal warrior (D:13)
  2 spriggan druids
  An unseen horror (D:11)
  13 swamp dragons
  A phantasmal warrior (D:15)
  3 orc knights (Orc:2)
  A lindwurm (Lair:6)
  An orc sorcerer (Orc:1)
  A wolf spider zombie (D:14)
  2 wizards (D:10)
  8 ugly things
  34 wolf spiders
  13 orb spiders
  A cyclops (shapeshifter) (D:10)
  2 deep elf magi
  5 manticores
  4 moths of wrath
  A faun (Lair:3)
  22 elephants
  8 cyclopes
  A guardian serpent (Lair:6)
  8 black mambas
  2 ice statues
  Maurice (Orc:2)
  20 cane toads
  2 gargoyles (D:11)
  6 torpor snails
  An efreet (D:15)
  2 rime drakes
  4 komodo dragons
  10 yaktaurs
  11 demonic crawlers
  A tengu conjurer (Swamp:3)
  31 jumping spiders
  A jumping spider (shapeshifter) (D:14)
  5 polar bears
  14 hornets
  7 trolls
  8 blink frogs (Lair:5)
  A harpy skeleton (D:15)
  15 tyrant leeches
  2 slime creatures (Swamp:1)
  12 dream sheep
  2 hippogriffs
  7 bog bodies
  A blink frog (shapeshifter) (D:10)
  69 redbacks
  A spriggan (shapeshifter) (D:15)
  2 shadows (D:15)
  25 tarantellas
  2 vampires
  2 basilisks
  4 fire elementals
  14 wyverns
  38 yaks
  3 hogs (D:15)
  3 fire bats (Orc:2)
  Menkaure (D:6)
  23 vampire mosquitoes
  9 insubstantial wisps (Swamp:1)
  The ghost of Dazliare the Cutter, an amateur KoDe (D:6)
  2 acid dragons
  17 swamp worms
  4 hell hounds (Spider:2)
  A warg (Orc:2)
  25 soldier ants (Spider:1)
  14 water moccasins
  8 ice beasts
  13 swamp drakes
  13 porcupines
  3 sky beasts
  38 orc warriors
  4 phantoms
  An eye of draining (D:11)
  4 boggarts
  31 wolves
  10 ogres
  8 centaurs
  10 crocodiles
  A big kobold (D:8)
  16 bullfrogs
  A gnoll sergeant (Orc:1)
  A wyvern zombie (D:12)
  A wyvern skeleton (D:6)
  3 scorpions
  2 hornet simulacra
  A killer bee (D:10)
  5 wights
  2 electric eels (D:9)
  5 howler monkeys
  A crimson imp (D:10)
  A bullfrog zombie (D:9)
  3 centaur zombies
  A quasit (D:12)
  5 hounds
  15 jellies
  23 orc priests
  26 orc wizards
  2 bullfrog skeletons
  4 iguanas
  A hell rat (D:8)
  36 worker ants
  A hound skeleton (D:9)
  3 mummies (Ossuary)
  A worker ant zombie (D:10)
  3 gnolls (Orc:1)
  2 howler monkey skeletons
  13 adders
  A shadow imp (D:5)
  13 white imps
  2 ufetubi
  3 oozes
  7 adder zombies
  4 worms
  7 dart slugs
  3 leopard geckos
  132 orcs
  3 ball pythons
  4 bat zombies (D:2)
  4 giant cockroaches
  12 goblins
  8 hobgoblins
  12 jackals
  5 quokkas
  6 bats
  9 frilled lizards
  A giant cockroach zombie (D:2)
  5 goblin zombies
  2 hobgoblin zombies (Ossuary)
  18 kobolds
  5 kobold zombies (Ossuary)
  3 leopard gecko skeletons
  A leopard gecko zombie (D:2)
  3 quokka skeletons
  2 quokka zombies
  11 rats
  2 rat zombies (Ossuary)
  2 briar patches (Swamp:3)
  2 plants (Lair:6)
1254 creatures vanquished.

Vanquished Creatures (collateral kills)
  3 liches (D:14)
  Asterion (Spider:2)
  The ghost of Wogiaph the Grappler, a journeyman OgTm of Okawaru (D:14)
  The ghost of Dikli the Blocker, a journeyman MiBe of Trog (Lair:3)
  A hydra (Swamp:3)
  A spriggan (Swamp:2)
  A wolf spider (Spider:4)
  2 slime creatures (Lair:3)
  An ugly thing (IceCv)
  2 ice statues (IceCv)
  A demonic crawler (Lair:1)
  2 hornets
  2 redbacks (Spider:4)
  A tarantella (Spider:4)
  3 yaks (Lair:1)
  3 wolves (Lair:3)
  2 jellies (Lair:3)
28 creatures vanquished.

Vanquished Creatures (others)
  A swamp dragon (Swamp:1)
  A yaktaur (Volcano)
  A redback (Spider:2)
  34 fungi
  38 plants
  A withered plant (Swamp:2)
76 creatures vanquished.

Grand Total: 1358 creatures vanquished

Notes
Turn   | Place    | Note
-------+----------+-------------------------------------------
     0 | D:1      | jejorda2 the Minotaur Berserker began the quest for the
                  | Orb.
     0 | D:1      | Reached XP level 1. HP: 19/19 MP: 0/0
   330 | D:1      | Reached skill level 4 in Long Blades
   331 | D:1      | Reached XP level 2. HP: 23/27 MP: 1/1
   635 | D:1      | Reached ** piety under Trog
   643 | D:1      | Reached XP level 3. HP: 33/33 MP: 2/2
  1194 | D:2      | Reached skill level 5 in Long Blades
  1194 | D:2      | Reached XP level 4. HP: 38/40 MP: 3/3
  1482 | D:2      | Reached *** piety under Trog
  1725 | D:2      | Reached XP level 5. HP: 47/47 MP: 4/4
  2008 | D:3      | Found a faded altar of an unknown god.
  2078 | D:3      | Found an iron altar of Okawaru.
  2084 | D:3      | Found a bloodstained altar of Trog.
  2158 | D:3      | Reached skill level 6 in Long Blades
  2263 | D:3      | Found a hazy altar of Hepliaklqana.
  2572 | D:4      | Reached skill level 5 in Fighting
  2589 | D:4      | Noticed a phantom
  2614 | D:4      | Killed a phantom
  2614 | D:4      | Reached XP level 6. HP: 48/56 MP: 5/5
  2662 | D:4      | Reached skill level 7 in Long Blades
  2703 | D:4      | Reached **** piety under Trog
  3022 | D:4      | Found a white marble altar of Elyvilon.
  3128 | D:4      | Found a stormy altar of Qazlal.
  3128 | D:4      | Found a shimmering altar of Xom.
  3129 | D:4      | Found a broken altar of Ashenzari.
  3163 | D:4      | Reached XP level 7. HP: 60/62 MP: 6/6
  3332 | D:4      | Found a shadowy altar of Dithmenos.
  3354 | D:5      | Entered Level 5 of the Dungeon
  3418 | D:5      | Found an ornate altar of the Wu Jian Council.
  3469 | D:5      | Found a staircase to the Ecumenical Temple.
  3545 | D:5      | Reached skill level 8 in Long Blades
  3578 | D:5      | Found a radiant altar of Vehumet.
  4601 | D:6      | Found a runed translucent gate.
  4602 | D:6      | Found a runed translucent gate.
  4603 | D:6      | Found a runed translucent gate.
  4604 | D:6      | Noticed Dazliare's ghost (amateur KoDe)
  4617 | D:6      | Killed Dazliare's ghost
  4617 | D:6      | Reached skill level 9 in Long Blades
  4683 | D:6      | Found a basalt altar of Yredelemnul.
  4775 | D:6      | Noticed Menkaure
  4783 | D:6      | Killed Menkaure
  4783 | D:6      | Reached XP level 8. HP: 73/73 MP: 7/7
  5055 | D:6      | Reached skill level 10 in Long Blades
  5243 | D:7      | Found a glowing golden altar of the Shining One.
  5367 | D:7      | Reached skill level 11 in Long Blades
  5664 | D:8      | Found a stormy altar of Qazlal.
  5680 | D:8      | Reached ***** piety under Trog
  5698 | D:8      | Found a sand-covered staircase.
  5711 | Ossuary  | Entered an ossuary
  6109 | D:8      | Noticed a death yak
  6132 | D:8      | Killed a death yak
  6132 | D:8      | Reached skill level 13 in Long Blades
  6132 | D:8      | Reached XP level 9. HP: 79/79 MP: 8/8
  6171 | D:8      | Found a staircase to the Lair.
  6182 | D:8      | Noticed a death yak
  6182 | D:8      | Noticed a death yak
  6213 | D:8      | Killed a death yak
  6213 | D:8      | Reached skill level 14 in Long Blades
  6285 | D:8      | Killed a death yak
  6626 | D:8      | Reached skill level 5 in Armour
  6826 | Lair:1   | Entered Level 1 of the Lair of Beasts
  6948 | Lair:1   | Reached XP level 10. HP: 83/88 MP: 9/9
  7281 | Lair:1   | Identified a scroll of acquirement
  7281 | Lair:1   | Acquired a manual of Fighting
  7394 | Lair:1   | Noticed a five-headed hydra
  7404 | Lair:1   | Killed a five-headed hydra
  7404 | Lair:1   | Reached skill level 5 in Dodging
  7782 | Lair:1   | Reached skill level 10 in Fighting
  8031 | Lair:2   | Received a gift from Trog
  8042 | Lair:2   | Found a frozen archway.
  8083 | IceCv    | Entered an ice cave
  8100 | IceCv    | Reached XP level 11. HP: 102/102 MP: 10/10
  8112 | IceCv    | Noticed a white ugly thing
  8127 | IceCv    | Killed a white ugly thing
  8192 | IceCv    | Noticed a white ugly thing
  8196 | IceCv    | Killed a white ugly thing
  8217 | IceCv    | Got warped ice dragon scales
  8227 | IceCv    | Identified the +9 ice dragon scales "Pigg" {rElec rF- rC++
                  | Str-3 Slay+3} (You found it in an ice cave)
  8539 | Lair:2   | Found a staircase to the Swamp.
  8651 | Lair:2   | Reached skill level 15 in Long Blades
  8871 | Lair:2   | Noticed a six-headed hydra
  8891 | Lair:2   | Killed a six-headed hydra
  9525 | Lair:3   | Reached skill level 16 in Long Blades
  9559 | Lair:3   | Found a hole to the Spider Nest.
  9598 | Lair:3   | Reached XP level 12. HP: 117/117 MP: 11/11
  9651 | Lair:3   | Reached skill level 17 in Long Blades
  9820 | Lair:3   | Received a gift from Trog
  9829 | Lair:3   | Got a brightly glowing triple sword {god gift}
  9837 | Lair:3   | Identified the +10 triple sword of the Hidden Vale {vorpal,
                  | +Fly SInv} (Trog gifted it to you on level 3 of the Lair of
                  | Beasts)
  9995 | Lair:3   | Reached skill level 15 in Fighting
 10068 | Lair:3   | Found a runed translucent gate.
 10068 | Lair:3   | Found a runed translucent gate.
 10069 | Lair:3   | Found a runed translucent gate.
 10080 | Lair:3   | Found a viscous altar of Jiyva.
 10080 | Lair:3   | Noticed a death ooze
 10080 | Lair:3   | Noticed Dikli's ghost (journeyman MiBe)
 10088 | Lair:3   | Killed a death ooze
 10096 | Lair:3   | Killed Dikli's ghost
 10227 | Lair:3   | Reached skill level 18 in Long Blades
 11120 | Lair:4   | Reached XP level 13. HP: 106/130 MP: 12/12
 11464 | Lair:5   | Reached skill level 1 in Bows
 11468 | Lair:5   | Found a staircase to the Slime Pits.
 11651 | Lair:5   | Reached skill level 19 in Long Blades
 11825 | Lair:5   | Reached skill level 5 in Bows
 12231 | Lair:6   | Entered Level 6 of the Lair of Beasts
 12361 | Lair:6   | Received a gift from Trog
 12496 | Lair:6   | Noticed Sonja
 12502 | Lair:6   | Killed Sonja
 12737 | Lair:6   | Reached skill level 20 in Long Blades
 13223 | Lair:6   | Reached XP level 14. HP: 106/138 MP: 13/13
 13644 | Lair:6   | Found a runed translucent door.
 13670 | Lair:6   | Reached skill level 10 in Bows
 13875 | Lair:6   | Reached skill level 21 in Long Blades
 14580 | D:9      | Found Plog's Jewellery Boutique.
 14585 | D:9      | Bought a cursed amulet of inaccuracy for 28 gold pieces
 14763 | D:10     | Entered Level 10 of the Dungeon
 14905 | D:10     | Received a gift from Trog
 15211 | D:10     | Paralysed by a wizard for 2 turns
 16000 | D:11     | Received a gift from Trog
 16001 | D:11     | Got a translucent triple sword {god gift}
 16002 | D:11     | Identified the +2 triple sword of Dedukous {flame, +Inv MR+
                  | Int-2 Stlth+} (Trog gifted it to you on level 11 of the
                  | Dungeon)
 16502 | D:12     | Found a staircase to the Orcish Mines.
 17157 | D:12     | Reached skill level 22 in Long Blades
 17243 | Orc:1    | Entered Level 1 of the Orcish Mines
 17428 | Orc:2    | Entered Level 2 of the Orcish Mines
 17428 | Orc:2    | Noticed Maurice
 17440 | Orc:2    | Killed Maurice
 17515 | Orc:2    | Reached ****** piety under Trog
 17518 | Orc:2    | Received a gift from Trog
 17519 | Orc:2    | Got a warped scimitar {god gift}
 17520 | Orc:2    | Identified the +6 scimitar "Tattletale" {vorpal, rElec
                  | rPois} (Trog gifted it to you on level 2 of the Orcish
                  | Mines)
 17551 | Orc:2    | Found a dark tunnel.
 17568 | Volcano  | Entered a volcano
 17603 | Volcano  | Found a bloodstained altar of Trog.
 17713 | Volcano  | Identified a +2 pair of boots of running (You found it in a
                  | volcano)
 17947 | Orc:2    | Found a roughly hewn altar of Beogh.
 17948 | Orc:2    | Found Anuna's Assorted Antiques.
 18011 | Orc:2    | Found a roughly hewn altar of Beogh.
 18135 | Orc:2    | Found a roughly hewn altar of Beogh.
 18210 | Orc:2    | Found a staircase to the Elven Halls.
 18389 | Orc:2    | Reached XP level 15. HP: 127/146 MP: 14/14
 18474 | Orc:2    | Noticed an orc warlord
 18486 | Orc:2    | Killed an orc warlord
 18490 | Orc:2    | Received a gift from Trog
 18540 | Orc:2    | Found Zuiducs's Antique Armour Shoppe.
 18540 | Orc:2    | Found a roughly hewn altar of Beogh.
 18544 | Orc:2    | Found Plog's Antique Weapon Emporium.
 18647 | Orc:2    | Found a roughly hewn altar of Beogh.
 18710 | Orc:2    | Found a roughly hewn altar of Beogh.
 18773 | Orc:2    | Found a roughly hewn altar of Beogh.
 18779 | Orc:2    | Found Zyminikoti's Antique Armour Boutique.
 18822 | Orc:2    | Bought a crude plate armour for 700 gold pieces
 18822 | Orc:2    | Identified the cursed +0 plate armour of Precision
                  | Catastrophes {rF++ rCorr Int+4} (You bought it in a shop on
                  | level 2 of the Orcish Mines)
 19675 | Swamp:1  | Entered Level 1 of the Swamp
 19694 | Swamp:1  | Noticed a thorn hunter
 19709 | Swamp:1  | Killed a thorn hunter
 20112 | Swamp:1  | Received a gift from Trog
 20332 | Swamp:1  | Reached skill level 23 in Long Blades
 20667 | Swamp:2  | Found a runed translucent door.
 20667 | Swamp:2  | Identified the cursed +0 spear of Saewiu Haech {flame,
                  | Int+5}
 20667 | Swamp:2  | Noticed Ysuot's ghost (journeyman OpWn)
 21298 | Swamp:2  | Killed Ysuot's ghost
 21308 | Swamp:2  | Reached skill level 24 in Long Blades
 21308 | Swamp:2  | Reached XP level 16. HP: 154/154 MP: 15/15
 21356 | Swamp:3  | Noticed Mara
 21368 | Swamp:3  | Noticed jejorda2's illusion
 21370 | Swamp:3  | Killed Mara
 21547 | Swamp:3  | Received a gift from Trog
 21805 | Swamp:3  | Noticed a thorn hunter
 21817 | Swamp:3  | Killed a thorn hunter
 22233 | Swamp:4  | Entered Level 4 of the Swamp
 22295 | Swamp:4  | Reached skill level 5 in Evocations
 22520 | Swamp:4  | Reached XP level 17. HP: 149/161 MP: 16/16
 22849 | Swamp:4  | Got a decaying rune of Zot
 23150 | Swamp:4  | Reached skill level 10 in Armour
 23953 | D:13     | Received a gift from Trog
 24268 | D:13     | Found a gate to the Vaults.
 24436 | D:13     | Found a radiant altar of Vehumet.
 25020 | D:14     | Found a blossoming altar of Fedhas.
 25284 | D:14     | Found a runed translucent gate.
 25284 | D:14     | Noticed a lich
 25285 | D:14     | Found a runed translucent gate.
 25285 | D:14     | Noticed a lich
 25286 | D:14     | Noticed Wogiaph's ghost (journeyman OgTm)
 25287 | D:14     | Found an ancient bone altar of Kikubaaqudgha.
 25287 | D:14     | Noticed a lich
 25288 | D:14     | Found a runed translucent gate.
 25288 | D:14     | Noticed a lich
 25368 | D:14     | Killed a lich
 25369 | D:14     | Killed a lich
 25371 | D:14     | Killed a lich
 25374 | D:14     | Killed Wogiaph's ghost
 25377 | D:14     | Killed a lich
 25385 | D:14     | Got a sparkling lead ring
 25389 | D:14     | Got a faintly humming hat
 25406 | D:14     | Identified the +0 hat of the Hanged Man {*Slow rElec rPois
                  | SInv} (You found it on level 14 of the Dungeon)
 25407 | D:14     | Identified the ring "Uwuashrya" {rElec rC+ Int-2 Stlth-}
                  | (You found it on level 14 of the Dungeon)
 25445 | D:15     | Entered Level 15 of the Dungeon
 26070 | D:15     | Received a gift from Trog
 26091 | D:15     | Found a staircase to the Depths.
 26142 | D:15     | Noticed Kirke
 26153 | D:15     | Killed Kirke
 26166 | D:15     | Found an ancient bone altar of Kikubaaqudgha.
 26451 | D:15     | Found a sacrificial altar of Ru.
 26846 | Spider:1 | Entered Level 1 of the Spider Nest
 26995 | Spider:1 | Reached XP level 18. HP: 173/173 MP: 17/17
 27122 | Spider:1 | Received a gift from Trog
 27632 | Spider:1 | Reached skill level 15 in Bows
 27708 | Spider:2 | Noticed Azrael
 27740 | Spider:2 | Killed Azrael
 27934 | Spider:2 | Noticed Arachne
 27955 | Spider:2 | Killed Arachne
 28024 | Spider:2 | Noticed Asterion
 28043 | Spider:2 | Killed Asterion
 28755 | Spider:2 | Received a gift from Trog
 29175 | Spider:3 | Noticed Jorgrun
 29189 | Spider:3 | Killed Jorgrun
 29189 | Spider:3 | Reached skill level 10 in Dodging
 30420 | Spider:4 | Entered Level 4 of the Spider Nest
 31141 | Spider:4 | Received a gift from Trog
 31163 | Spider:4 | Got a faintly glowing long sword {god gift}
 31163 | Spider:4 | Identified the +7 long sword "Tazxymye" {flame, Dex+3}
                  | (Trog gifted it to you on level 4 of the Spider Nest)
 31444 | Spider:4 | Mangled by a spark wasp

Illustrated notes

Levels and vault maps discovered:
D:1:      dpeg_arrival_rooms_with_view, layout_basic
D:2:      layout_rooms, serial_undead, serial_undead_a, serial_undead_c,
          serial_undead_c, serial_undead_a, serial_undead_a, serial_undead_c,
          serial_undead_b, serial_undead_f
D:3:      layout_loops_ring, lemuel_crystal_altar,
          amethyst_overflow_temple_binary,
          chequers_ecumenical_altar_simple_redux, grunt_decor_cap,
          minmay_statues_item
D:4:      layout_rooms, elyvilon_altar_5, lemuel_doored_altar,
          gammafunk_temple_overflow_claw
D:5:      layout_basic, lemuel_round_altar, lemuel_crystal_altar,
          temple_doors_ab
D:6:      layout_loops_ring, old_standard_altar, ebering_ghost_rock_garden,
          uniq_menkaure
D:7:      layout_basic, tso_altar
D:8:      layout_basic, dpeg_lair_monsters, enter_ossuary_4,
          hangedman_decor_points, nicolae_qazlal_general_emergency
D:9:      statuecave_lemuel, layout_gridville, serial_shops, nicolae_shop_stone
D:10:     minmay_the_grid_four_pointed_star
          [minmay_the_grid_triangle_9x9_intruding_spiral,
          minmay_the_grid_triangle_9x9_pentomino_pain,
          minmay_the_grid_triangle_9x9_windchime,
          minmay_the_grid_triangle_9x9_impossible_snake,
          minmay_the_grid_prize_four_corners], layout_small_grid,
          lightli_wizard_tower
D:11:     layout_roguey [special_room_orc]
D:12:     layout_stronghold, hiddenorc2_lemuel
D:13:     layout_basic, david_vaults_5, minmay_ruined_shrine
D:14:     layout_roguey, infiniplex_staircase_pillars_3b, gammafunk_ghost_crypt,
          fedhas_altar_3
D:15:     grunt_enter_depths_hoard, layout_loops_ring,
          chequers_serial_rivers_marsh, jmf_multi_god_temple, uniq_kirke
Lair:1:   layout_roguey, worms_lemuel, grunt_megastairs_3
Lair:2:   layout_roguey, swamp_mist, portal_ice_cave_entry_imps
Lair:3:   layout_small_grid, nicolae_spider_entry_tight_spaces,
          gammafunk_ghost_ooze, chequers_serial_rivers_large_a,
          grunt_forest_large_clearings, infiniplex_staircase_pool
Lair:4:   layout_cave_pods, minivault_11
Lair:5:   layout_gridlike, minmay_slime_entry_jelly_boxes, grunt_megastairs_2
Lair:6:   wormcave, layout_long_grid, hangedman_lair_tendril_chambers,
          cheibrodos_lair_lostbears, serial_bayou_shore_b,
          infiniplex_staircase_pool_2, uniq_sonja
Swamp:1:  layout_falls_marsh, evilmike_swamp_ruin_rubble_2
Swamp:2:  layout_basic_swamp, ebering_ghost_funeral_grove,
          nicolae_swamp_fairy_circle
Swamp:3:  layout_basic_swamp, evilmike_swamp_ruin_house_1, kb_tengu_band,
          uniq_mara
Swamp:4:  swamp_basic_johnstein, layout_basic_swamp, swamp_pool3
Spider:1: layout_spider_delve, drop_trap, hangedman_spider_mandibles,
          zaba_anthell
Spider:2: layout_spider_delve, uniq_arachne, uniq_azrael, uniq_asterion
Spider:3: layout_chambers, uniq_jorgrun
Spider:4: grunt_spider_rune_island
Orc:1:    layout_caves
Orc:2:    grunt_orc_community_town_hall, layout_caves,
          grunt_orc_community_big_house_1, grunt_orc_community_big_house_2,
          grunt_orc_community_house_3, grunt_orc_community_house_1,
          grunt_orc_community_house_2, grunt_orc_community_house_3,
          grunt_orc_community_house_3, basic_altar,
          nicolae_volcano_entry_batcave, uniq_maurice

Skill      XL: |  1  2  3  4  5  6  7  8  9 10 11 12 13 14 15 16 17 18 |
---------------+-------------------------------------------------------+-----
Long Blades    | 4 5 6 7 9 13 14 16 18 20 22 24 | 24.1
Fighting       | 4 5 7 11 14 16 17 18 | 18.7
Armour         | 3 4 5 8 12 | 12.1
Dodging        | 3 6 7 8 10 | 10.8
Evocations     | 3 5 8 |  8.0
Bows           | 9 13 14 17 | 17.6

Action                   |  1- 3 |  4- 6 |  7- 9 | 10-12 | 13-15 | 16-18 || total
-------------------------+-------+-------+-------+-------+-------+-------++-------
Melee: Falchion          |    77 |    74 |       |       |       |       ||   151
       Headbutt          |    10 |    33 |    51 |    82 |   162 |   170 ||   508
       Long sword        |       |    50 |   248 |    35 |       |       ||   333
       Scimitar          |       |       |       |    52 |    16 |       ||    68
       Great sword       |       |       |       |   150 |       |       ||   150
       Dire flail        |       |       |       |    14 |    10 |       ||    24
       Triple sword      |       |       |       |    80 |   826 |   670 ||  1576
 Fire: Shortbow          |       |       |       |       |    82 |    92 ||   174
       Longbow           |       |       |       |       |       |   365 ||   365
Invok: Berserk           |       |     2 |     3 |     5 |     2 |     3 ||    15
       Brothers in Arms  |       |       |       |     6 |     1 |     6 ||    13
       Trog's Hand       |       |       |       |     2 |     3 |     5 ||    10
 Abil: Evoke Flight      |       |       |       |       |       |     2 ||     2
Evoke: Tin of tremorston |       |       |       |       |     1 |     1 ||     2
       Phial of floods   |       |       |       |       |       |     1 ||     1
  Use: Scroll            |       |     2 |    13 |    15 |     6 |     1 ||    37
       Potion            |       |       |       |       |     2 |     2 ||     4
 Stab: Sleeping          |       |     1 |     2 |       |       |       ||     3
       Distracted        |       |       |       |       |     1 |       ||     1
       Petrifying        |       |       |       |       |       |     1 ||     1
Armor: Ring mail         |    36 |    47 |    36 |       |       |       ||   119
       Animal skin       |     2 |       |       |       |       |       ||     2
       Ice dragon scales |       |       |    51 |   244 |   451 |   552 ||  1298
Dodge: Dodged            |    50 |    75 |   101 |   229 |   503 |   543 ||  1501
       Rpst.: Falchion   |     8 |    16 |       |       |       |       ||    24
       Long sword        |       |     8 |    24 |     2 |       |       ||    34
       Scimitar          |       |       |       |     6 |     2 |       ||     8
       Great sword       |       |       |       |    38 |       |       ||    38
       Triple sword      |       |       |       |    14 |   111 |    94 ||   219

Table legend: (Time is in decaauts)
 A = Elapsed time spent in this place.
 B = Non-inter-level travel time spent in this place.
 C = Inter-level travel time spent in this place.
 D = Time resting spent in this place.
 E = Time spent auto-exploring this place.
 F = Levels seen in this place.
 G = Mean time per level.
                   A        B        C        D        E       F      G
               +--------+--------+--------+--------+--------+-----+--------+
         Total |  30457 |  27952 |   2505 |   1459 |  19892 |  34 |  895.8 |
       Dungeon |  12797 |  11879 |    918 |    544 |   8949 |  15 |  853.1 |
          Lair |   7533 |   6758 |    775 |    517 |   4792 |   6 | 1255.5 |
         Swamp |   3560 |   3295 |    265 |    155 |   2329 |   4 |  890.0 |
   Spider Nest |   4115 |   3850 |    265 |    177 |   2607 |   4 | 1028.8 |
  Orcish Mines |   1849 |   1569 |    280 |     22 |   1091 |   2 |  924.5 |
       Ossuary |    201 |    201 |      0 |      0 |    118 |   1 |  201.0 |
      Ice Cave |    177 |    177 |      0 |     42 |      0 |   1 |  177.0 |
       Volcano |    222 |    222 |      0 |      0 |      3 |   1 |  222.0 |
               +--------+--------+--------+--------+--------+-----+--------+

Top non-repeatable levels by time:
  Lair:6: 1756 daAuts
Spider:3: 1512 daAuts
  Lair:3: 1344 daAuts
  Lair:2: 1343 daAuts
   Orc:2: 1322 daAuts
  Lair:1: 1255 daAuts
     D:1: 1146 daAuts
Spider:2: 1146 daAuts
     D:8: 1139 daAuts
    D:15: 1128 daAuts
     D:5: 1097 daAuts
 Swamp:3: 1011 daAuts
 Swamp:4: 998 daAuts
  Lair:4: 973 daAuts
    D:12: 964 daAuts
